 Dungeon Crawl Stone Soup version 0.31.0-1-g2c135a008e (webtiles) character file.

Game seed: 589409419310308537

625 qw the Shooter (level 7, -2/52 HPs)
             Began as a Djinni Hunter on Jan 23, 2024.
             Slain by an iguana (13 damage)
             ... on level 5 of the Dungeon.
             The game lasted 00:00:10 (3792 turns).

qw the Shooter (Djinni Hunter)                      Turns: 3792, Time: 00:00:11

Health: -2/52      AC:  3    Str: 14    XL:     7   Next: 76%
Gold:   166        EV: 12    Int:  9    God:
                   SH:  0    Dex: 18

rFire   + + .        a - +2 shortbow
rCold   x . .        (shield currently unavailable)
rNeg    . . .        j - +0 ring mail
rPois   inf          (no helmet)
rElec   .            (no cloak)
rCorr   .            (no gloves)
SInv    .            (boots unavailable)
Will    .....        k - amulet of faith
Stlth   +            (no ring)
HPRegen 0.28/turn    (no ring)
MPRegen 0.00/turn

%: faith, infuse magic (-3 HP)
@: flying
A: sickness immunity, fire resistance 2, cold vulnerability 1, float, innate
caster, HP casting, extra vitality 1, deformed body, passive freeze, strong 1
a: no special abilities


You were on level 5 of the Dungeon.
You visited 1 branch of the dungeon, and saw 5 of its levels.

You collected 166 gold pieces.


Innate Abilities, Weirdness & Mutations

You are immune to sickness and miasma.
You are immune to poison.
Your flesh is very heat resistant. (rF++)
You are vulnerable to cold. (rC-)
You float through the air rather than walking.
You learn spells naturally, not from books.
Your magical power is your life essence.
You have superior vitality. (+4 MHP)
Armour fits poorly on your strangely shaped body.
A frigid envelope surrounds you and freezes all who hurt you.
Your muscles are strong. (Str +4, Int/Dex -1)


   Skills:
 - Level 4.3 Fighting
 - Level 6.0 Ranged Weapons
 - Level 2.2 Armour
 + Level 3.0 Dodging
 - Level 0.7 Stealth


You knew the following spells:

 Your Spells              Type           Power      Damage    Failure   Level
a - Sting                 Conj/Alch      0%         1d3       63%         1
b - Call Imp              Summ           0%         N/A       77%         2
c - Tukima's Dance        Hex            0%         N/A       94%         3
Your spell library was empty.

Inventory:

Hand Weapons
 a - a +2 shortbow (weapon)
Armour
 j - a +0 ring mail (worn)
Jewellery
 i - an amulet of regeneration
 k - an amulet of faith (around neck)
Wands
 g - a wand of roots (7)
 h - a wand of charming (8)
Scrolls
 c - a scroll of identify
 l - a scroll of blinking {unknown}
Potions
 b - 2 potions of brilliance {unknown}
 d - a potion of enlightenment {unknown}
 e - 4 potions of curing
 f - a potion of haste

Dungeon Overview and Level Annotations

Branches:
Dungeon (5/15)
 Temple: D:4-7

Altars:


Message History

You kill the ogre!
Your Ranged Weapons skill increases to level 6!
3763 ||| FLEEEEING.
3764 ||| FLEEEEING.
3765 ||| FLEEEEING.
3766 ||| FLEEEEING.
3767 ||| FLEEEEING.
3768 ||| FLEEEEING.
3769 ||| FLEEEEING.
There is an open door here.
You see here an iguana corpse.
3770 ||| FLEEEEING.
3771 ||| FLEEEEING.
3772 ||| FLEEEEING.
3773 ||| FLEEEEING.
There is an open door here.
3774 ||| FLEEEEING.
3775 ||| FLEEEEING.
3776 ||| FLEEEEING.
3777 ||| FLEEEEING.
3778 ||| FLEEEEING.
3779 ||| FLEEEEING.
3780 ||| FLEEEEING.
3781 ||| FLEEEEING.
3782 ||| FLEEEEING.
3783 ||| FLEEEEING.
3784 ||| FLEEEEING.
3785 ||| FLEEEEING.
3786 ||| FLEEEEING.
3787 ||| FLEEEEING.
3788 ||| FLEEEEING.
3789 ||| FLEEEEING.
3790 ||| FLEEEEING.
There is a stone staircase leading up here.
You start resting.
An iguana is nearby!
You shoot an arrow. The arrow hits the iguana.
The iguana is moderately wounded.
The iguana bites you!
You die...

#...##.#...#####.#.#
#.#.##.###.###...#.#
..............>#.#.#
.....#.#######.#.#.#
#.#....# #.#.#.#
#<#.##.### #.#.#.#
###.##...# #.#.#.#
.......#.# #.l...#
....####.# #.#@#.#
########.#####l#####
...................#
#.######..####.###.#
#'# ##..###.# #.#
..# ######...#.# #.#
8.###....###...###.#
8.#..####.###...##.#
..%..# #)# ##..##.#


You could see an iguana.

Vanquished Creatures
  A black bear (D:5)
  3 ogres
  A scorpion (D:5)
  An orc priest (D:3)
  A hound (D:5)
  2 iguanas
  4 adders
  3 gnolls (D:4)
  A dart slug (D:4)
  2 orcs (D:3)
  4 ball pythons
  4 endoplasms
  A giant cockroach (D:2)
  5 goblins
  2 hobgoblins
  2 jackals (D:1)
  6 quokkas
  4 bats
  2 frilled lizards
  6 kobolds
  2 rats (D:1)
57 creatures vanquished.

Notes
Turn   | Place    | Note
-------+----------+-------------------------------------------
     0 | D:1      | qw the Djinni Hunter began the quest for the Orb.
     0 | D:1      | Reached XP level 1. HP: 18/18 MP: 0/0
     0 | D:1      | 0 ||| qw: Version: 0.3-a-136-gdd3b4e8
     0 | D:1      | 0 ||| qw: Game counter: 1003
     0 | D:1      | 0 ||| qw: Melee chars always use a shield: true
     0 | D:1      | 0 ||| qw: God list: Okawaru
     0 | D:1      | 0 ||| qw: Allow faded altars: false
     0 | D:1      | 0 ||| qw: Do Orc after clearing Dungeon:15 true
     0 | D:1      | 0 ||| qw: Do second Lair branch before Depths: true
     0 | D:1      | 0 ||| qw: Lair rune preference: random
     0 | D:1      | 0 ||| qw: Goals: Normal
     0 | D:1      | 0 ||| PLANNING D:1-11
   150 | D:1      | Reached XP level 2. HP: 23/23 MP: 0/0
   392 | D:1      | Found a faded altar of an unknown god.
   715 | D:1      | Reached XP level 3. HP: 28/28 MP: 0/0
   715 | D:1      | Learned a level 1 spell: Sting
   805 | D:1      | 805 ||| READING scroll labelled WOORRY REOKA.
   806 | D:1      | 806 ||| DROPPING scroll of butterflies.
   892 | D:2      | Reached skill level 4 in Ranged Weapons
  1206 | D:2      | Reached XP level 4. HP: 34/34 MP: 0/0
  1394 | D:2      | Reached skill level 3 in Fighting
  1532 | D:2      | 1532 ||| READING scroll labelled LAZXETSEEC.
  1532 | D:2      | 1532 ||| ENCHANTING +0 shortbow.
  1581 | D:3      | Reached skill level 3 in Dodging
  1775 | D:3      | 1775 ||| READING 2 scrolls labelled WUKEGG BIONNUY.
  1775 | D:3      | 1775 ||| IDENTIFYING glowing grey potion
  1776 | D:3      | 1776 ||| READING scroll of identify.
  1776 | D:3      | 1776 ||| IDENTIFYING murky silvery potion
  1777 | D:3      | 1777 ||| DROPPING potion of attraction.
  2293 | D:3      | 2293 ||| READING scroll of enchant weapon.
  2293 | D:3      | 2293 ||| ENCHANTING +1 shortbow.
  2314 | D:3      | Reached XP level 5. HP: 40/40 MP: 0/0
  2314 | D:3      | Learned a level 2 spell: Call Imp
  2490 | D:3      | 2490 ||| UPGRADING to amulet of regeneration.
  2495 | D:3      | 2495 ||| READING 2 scrolls of identify.
  2495 | D:3      | 2495 ||| IDENTIFYING bubbling orange potion
  2496 | D:3      | 2496 ||| DRINKING potion of mutation.
  2496 | D:3      | Gained mutation: A frigid envelope surrounds you and
                  | freezes all who hurt you. [potion of mutation]
  2496 | D:3      | Gained mutation: Armour fits poorly on your strangely
                  | shaped body. [potion of mutation]
  2496 | D:3      | Gained mutation: Your muscles are strong. (Str +4, Int/Dex
                  | -1) [potion of mutation]
  2497 | D:3      | 2497 ||| READING scroll of identify.
  2497 | D:3      | 2497 ||| IDENTIFYING bubbling red potion
  2498 | D:3      | 2498 ||| READING scroll labelled UTIEQIS IBRAWN.
  2499 | D:3      | 2499 ||| DRINKING 2 silvery potions.
  2500 | D:3      | 2500 ||| DROPPING potion of invisibility.
  2636 | D:4      | Noticed an ogre
  2641 | D:4      | HP: 3/40 [ogre/+0 giant club (37)]
  2641 | D:4      | Killed an ogre
  2642 | D:4      | Reached skill level 5 in Ranged Weapons
  2642 | D:4      | Reached XP level 6. HP: 3/46 MP: 0/0
  3180 | D:4      | 3180 ||| UPGRADING to +0 ring mail.
  3190 | D:4      | 3190 ||| DROPPING +0 leather armour.
  3191 | D:4      | 3191 ||| UPGRADING to amulet of faith.
  3201 | D:4      | 3201 ||| READING scroll labelled WUBECK XYWN.
  3202 | D:4      | 3202 ||| READING scroll labelled RAROWOCOESH.
  3211 | D:5      | Entered Level 5 of the Dungeon
  3213 | D:5      | Noticed a black bear
  3219 | D:5      | Killed a black bear
  3388 | D:5      | Reached XP level 7. HP: 39/52 MP: 0/0
  3388 | D:5      | Learned a level 3 spell: Tukima's Dance
  3761 | D:5      | HP: 2/52 [ogre/+0 giant club (30)]
  3763 | D:5      | Reached skill level 6 in Ranged Weapons
  3763 | D:5      | 3763 ||| FLEEEEING.
  3764 | D:5      | 3764 ||| FLEEEEING.
  3765 | D:5      | 3765 ||| FLEEEEING.
  3766 | D:5      | 3766 ||| FLEEEEING.
  3767 | D:5      | 3767 ||| FLEEEEING.
  3768 | D:5      | 3768 ||| FLEEEEING.
  3769 | D:5      | 3769 ||| FLEEEEING.
  3770 | D:5      | 3770 ||| FLEEEEING.
  3771 | D:5      | 3771 ||| FLEEEEING.
  3772 | D:5      | 3772 ||| FLEEEEING.
  3773 | D:5      | 3773 ||| FLEEEEING.
  3774 | D:5      | 3774 ||| FLEEEEING.
  3775 | D:5      | 3775 ||| FLEEEEING.
  3776 | D:5      | 3776 ||| FLEEEEING.
  3777 | D:5      | 3777 ||| FLEEEEING.
  3778 | D:5      | 3778 ||| FLEEEEING.
  3779 | D:5      | 3779 ||| FLEEEEING.
  3780 | D:5      | 3780 ||| FLEEEEING.
  3781 | D:5      | 3781 ||| FLEEEEING.
  3782 | D:5      | 3782 ||| FLEEEEING.
  3783 | D:5      | 3783 ||| FLEEEEING.
  3784 | D:5      | 3784 ||| FLEEEEING.
  3785 | D:5      | 3785 ||| FLEEEEING.
  3786 | D:5      | 3786 ||| FLEEEEING.
  3787 | D:5      | 3787 ||| FLEEEEING.
  3788 | D:5      | 3788 ||| FLEEEEING.
  3789 | D:5      | 3789 ||| FLEEEEING.
  3790 | D:5      | 3790 ||| FLEEEEING.
  3792 | D:5      | Slain by an iguana

Levels and vault maps discovered:
D:1:      dpeg_arrival_chambers_temple_mockup, layout_loops_ring,
          ebering_ecumenical_altar_sacrificial
D:2:      layout_basic
D:3:      layout_loops_ring, serial_co_window_serial, co_window_corner_a,
          co_window_corner_a, co_window_paths_b, co_window_corner_a,
          co_window_of_opportunity_a, co_window_of_opportunity_a,
          co_window_corner_a, co_window_of_opportunity_b, co_window_broadway_b,
          co_window_broadway_c, co_window_broadway_b, co_window_paths_d,
          serial_bayou_lagoon_a
D:4:      layout_loops_ring, minmay_crystal_room
D:5:      minmay_chambers_of_fours, layout_basic

Skill      XL: |  1  2  3  4  5  6  7 |
---------------+----------------------+-----
Ranged Weapons | 4 5 6 |  6.0
Fighting       | 3 4 |  4.3
Dodging        | 3 |  3.0
Armour         | 2 |  2.2
Stealth        | |  0.7

Action                     |  1- 3 |  4- 6 |  7- 9 || total
---------------------------+-------+-------+-------++-------
   Fire: Shortbow          |    64 |    92 |    29 ||   185
    Use: Scroll            |     1 |     9 |       ||    10
         Potion            |       |     2 |       ||     2
 Armour: Leather armour    |    15 |    13 |       ||    28
         Ring mail         |       |     4 |    11 ||    15
  Dodge: Dodged            |    12 |    17 |    10 ||    39

Table legend:
 A = Non-vault XP
 B = Vault XP
 C = Vault XP percentage of total XP
 D = Non-vault monster count
 E = Vault monster count
 F = Vault count percentage of total count
                 A         B        C        D         E       F
            +---------+---------+-------+---------+---------+-------
      Total |     816 |      77 |   8.6 |      55 |       2 |   3.5
            +---------+---------+-------+---------+---------+-------
        D:1 |      29 |       0 |   0.0 |      17 |       0 |   0.0
        D:2 |      56 |       0 |   0.0 |      12 |       0 |   0.0
        D:3 |      55 |       0 |   0.0 |       8 |       0 |   0.0
        D:4 |     214 |       0 |   0.0 |      12 |       0 |   0.0
        D:5 |     462 |      77 |  14.3 |       6 |       2 |  25.0
            +---------+---------+-------+---------+---------+-------
